3L
LAS VEGAS FLAMINGOS @ NEW ORLEANS VOODOO
09/20/2030
 
TOP OF THE 1ST
Las Vegas Flamingos batting - Pitching for New Orleans Voodoo : LHP Fernando Padilla
Pitching: LHP Fernando Padilla
Batting: RHB Sake van Arem 0-0: Ball
1-0: Fly out, F8 (Line Drive, 8RS)
Batting: LHB Victor Adams 0-0: Called Strike
0-1: Ball
1-1: Ball
2-1: Ball
3-1: Base on Balls
Batting: RHB Daniel Maldonado 0-0: Called Strike
0-1: Ball
1-1: Swinging Strike
1-2: Strikes out looking
Batting: LHB Ruud van Ineveld 0-0: Ball
1-0: Called Strike
1-1: Foul Ball, location: 2F
1-2: Foul Ball, location: 2F
1-2: Ball
2-2: Fly out, F9 (Flyball, 9LSF)
Top of the 1st over - 0 runs, 0 hits, 0 errors, 1 left on base; Las Vegas 0 - New Orleans 0
BOTTOM OF THE 1ST
New Orleans Voodoo batting - Pitching for Las Vegas Flamingos : RHP Art Adams
Pitching: RHP Art Adams
Batting: RHB Rafael Arredondo 0-0: Ball
1-0: Ball
2-0: Foul Ball, location: 2F
2-1: Fly out, F7 (Flyball, 78S)
Batting: LHB William O'Keefe 0-0: Foul Ball, location: 2F
0-1: Foul Ball, location: 2F
0-2: SOLO HOME RUN (Flyball, 9LD), Distance : 338 ft
Batting: RHB Mario Álvarez 0-0: Called Strike
0-1: Fly out, F7 (Flyball, 7S)
Batting: RHB Claudio Tappen 0-0: Ball
1-0: Ground out U3 (Groundball, 34)
Bottom of the 1st over - 1 run, 1 hit, 0 errors, 0 left on base; Las Vegas 0 - New Orleans 1
TOP OF THE 2ND
Las Vegas Flamingos batting - Pitching for New Orleans Voodoo : LHP Fernando Padilla
Batting: RHB Jeff Young 0-0: Swinging Strike
0-1: Ball
1-1: Fly out, F7 (Flyball, 78M)
Batting: RHB Sergio Ortíz 0-0: Called Strike
0-1: Fly out, F8 (Line Drive, 8LM)
Batting: SHB Glyn Bolasky 0-0: Called Strike
0-1: Foul Ball, location: 2F
0-2: SINGLE (Groundball, 6MD)
Batting: LHB José Alonso 0-0: Ball
1-0: Ball
2-0: Called Strike
2-1: Ground out U3 (Groundball, 3)
Top of the 2nd over - 0 runs, 1 hit, 0 errors, 1 left on base; Las Vegas 0 - New Orleans 1
BOTTOM OF THE 2ND
New Orleans Voodoo batting - Pitching for Las Vegas Flamingos : RHP Art Adams
Batting: RHB Griffin Woodfinlevine 0-0: Called Strike
0-1: Ball
1-1: Ball
2-1: DOUBLE (Line Drive, 9LS)
Batting: RHB António Pérez 0-0: Called Strike
0-1: Foul Ball, location: 2F
0-2: Ball
1-2: SINGLE (Line Drive, 7S)
Griffin Woodfinlevine to third
Batting: SHB Zuberi Mccray 0-0: Grounds into double play, 4-6-3 (Groundball, 34)
Griffin Woodfinlevine scores
Batting: RHB Arnold Giroux 0-0: Ball
1-0: Ball
2-0: Fly out, F9 (Flyball, 9LSF)
Bottom of the 2nd over - 1 run, 2 hits, 0 errors, 0 left on base; Las Vegas 0 - New Orleans 2
TOP OF THE 3RD
Las Vegas Flamingos batting - Pitching for New Orleans Voodoo : LHP Fernando Padilla
Batting: SHB Wilbert Carter 0-0: Foul Ball, location: 2F
0-1: SINGLE (Groundball, 6MD)
Batting: RHB Sake van Arem 0-0: Ball
1-0: Ground out 5-3 (Groundball, 56)
Wilbert Carter to second
Batting: LHB Victor Adams 0-0: Ground out U3 (Groundball, 3L)
Wilbert Carter to third
Batting: RHB Daniel Maldonado 0-0: Foul Ball, location: 2F
0-1: Called Strike
0-2: Strikes out swinging
Top of the 3rd over - 0 runs, 1 hit, 0 errors, 1 left on base; Las Vegas 0 - New Orleans 2
BOTTOM OF THE 3RD
New Orleans Voodoo batting - Pitching for Las Vegas Flamingos : RHP Art Adams
Batting: RHB Orlando Velásquez 0-0: Swinging Strike
0-1: Foul Ball, location: 2F
0-2: Ball
1-2: Foul Ball, location: 2F
1-2: Foul Ball, location: 2F
1-2: Fly out, F9 (Flyball, 9S)
Batting: RHB Rafael Arredondo 0-0: Swinging Strike
0-1: Foul Ball, location: 2F
0-2: Ball
1-2: Ground out 5-3 (Groundball, 5L)
Batting: LHB William O'Keefe 0-0: SOLO HOME RUN (Flyball, 89XD), Distance : 367 ft
Batting: RHB Mario Álvarez 0-0: Called Strike
0-1: Ball
1-1: Fly out, F2 (Popup, 3SF)
Bottom of the 3rd over - 1 run, 1 hit, 0 errors, 0 left on base; Las Vegas 0 - New Orleans 3
TOP OF THE 4TH
Las Vegas Flamingos batting - Pitching for New Orleans Voodoo : LHP Fernando Padilla
Batting: LHB Ruud van Ineveld 0-0: Ball
1-0: Called Strike
1-1: Ball
2-1: Fly out, F6 (Popup, 6MS)
Batting: RHB Jeff Young 0-0: Ball
1-0: Ground out 5-3 (Groundball, 5)
Batting: RHB Sergio Ortíz 0-0: Fly out, F7 (Line Drive, 78M)
Top of the 4th over - 0 runs, 0 hits, 0 errors, 0 left on base; Las Vegas 0 - New Orleans 3
BOTTOM OF THE 4TH
New Orleans Voodoo batting - Pitching for Las Vegas Flamingos : RHP Art Adams
Batting: RHB Claudio Tappen 0-0: Ball
1-0: Foul Ball, location: 2F
1-1: Ball
2-1: Swinging Strike
2-2: Fly out, F9 (Line Drive, 9S)
Batting: RHB Griffin Woodfinlevine 0-0: Ball
1-0: SOLO HOME RUN (Flyball, 9D), Distance : 351 ft
Batting: RHB António Pérez 0-0: Ball
1-0: Ball
2-0: SOLO HOME RUN (Flyball, 7D), Distance : 366 ft
Batting: SHB Zuberi Mccray 0-0: Foul Ball, location: 2F
0-1: Ground out 4-3 (Groundball, 4)
Batting: RHB Arnold Giroux 0-0: Ball
1-0: Ball
2-0: Ball
3-0: Called Strike
3-1: Base on Balls
Batting: RHB Orlando Velásquez 0-0: Foul Ball, location: 2F
0-1: Foul Ball, location: 2F
0-2: Ball
1-2: Fly out, F4 (Popup, 4MD)
Bottom of the 4th over - 2 runs, 2 hits, 0 errors, 1 left on base; Las Vegas 0 - New Orleans 5
TOP OF THE 5TH
Las Vegas Flamingos batting - Pitching for New Orleans Voodoo : LHP Fernando Padilla
Batting: SHB Glyn Bolasky 0-0: Swinging Strike
0-1: Called Strike
0-2: Foul Ball, location: 2F
0-2: Strikes out swinging
Batting: LHB José Alonso 0-0: Called Strike
0-1: Swinging Strike
0-2: Foul Ball, location: 2F
0-2: Fly out, F7 (Flyball, 7S)
Batting: SHB Wilbert Carter 0-0: Ground out U3 (Groundball, 3S)
Top of the 5th over - 0 runs, 0 hits, 0 errors, 0 left on base; Las Vegas 0 - New Orleans 5
BOTTOM OF THE 5TH
New Orleans Voodoo batting - Pitching for Las Vegas Flamingos : RHP Art Adams
Batting: RHB Rafael Arredondo 0-0: Swinging Strike
0-1: Fly out, F7 (Line Drive, 78S)
Batting: LHB William O'Keefe 0-0: Ball
1-0: Foul Ball, location: 2F
1-1: Foul Ball, location: 2F
1-2: Fly out, F3 (Popup, 3F)
Batting: RHB Mario Álvarez 0-0: Ball
1-0: Ground out 6-3 (Groundball, 6S)
Bottom of the 5th over - 0 runs, 0 hits, 0 errors, 0 left on base; Las Vegas 0 - New Orleans 5
TOP OF THE 6TH
Las Vegas Flamingos batting - Pitching for New Orleans Voodoo : LHP Fernando Padilla
Batting: RHB Sake van Arem 0-0: Ball
1-0: Ball
2-0: Called Strike
2-1: Foul Ball, location: 2F
2-2: Foul Ball, location: 2F
2-2: Foul Ball, location: 2F
2-2: SINGLE (Groundball, 56D)
Batting: LHB Victor Adams 0-0: SINGLE (Groundball, 4MD)
Sake van Arem to second
Runner from 2nd tries for 3rd, SAFE, throw made to third
Batting: RHB Daniel Maldonado 0-0: Called Strike
0-1: Ball
1-1: Ball
2-1: DOUBLE (Flyball, 78XD)
Sake van Arem scores
Victor Adams to third
Batting: LHB Ruud van Ineveld 0-0: Ball
1-0: Called Strike
1-1: Fly out, F8 (Flyball, 8RM)
Runner from 3rd tags up, SCORES, throw made
Batting: RHB Jeff Young 0-0: Ball
Daniel Maldonado steals 3rd base
1-0: Foul Ball, location: 2F
1-1: Called Strike
1-2: Ground out 6-3 (Groundball, 6)
Daniel Maldonado scores
Batting: RHB Sergio Ortíz 0-0: Called Strike
0-1: Called Strike
0-2: Ball
1-2: Strikes out looking
Top of the 6th over - 3 runs, 3 hits, 0 errors, 0 left on base; Las Vegas 3 - New Orleans 5
BOTTOM OF THE 6TH
New Orleans Voodoo batting - Pitching for Las Vegas Flamingos : RHP Art Adams
Batting: RHB Claudio Tappen 0-0: TRIPLE (Line Drive, 8LXD)
Batting: RHB Griffin Woodfinlevine 0-0: Ball
1-0: DOUBLE (Flyball, 78D)
Claudio Tappen scores
Pitching: LHP Pedro Ortíz
Batting: RHB António Pérez 0-0: Called Strike
0-1: Ground out 4-3 (Groundball, 4)
Griffin Woodfinlevine to third
Batting: SHB Zuberi Mccray 0-0: Called Strike
0-1: Foul Ball, location: 2F
0-2: Foul Ball, location: 2F
0-2: Strikes out swinging
Batting: RHB Arnold Giroux 0-0: Ball
1-0: SINGLE (Line Drive, 78M)
Griffin Woodfinlevine scores
Batting: RHB Orlando Velásquez 0-0: Called Strike
0-1: Ball
1-1: Ball
2-1: Foul Ball, location: 2F
2-2: Ball
3-2: Ground out 6-3 (Groundball, 6)
Bottom of the 6th over - 2 runs, 3 hits, 0 errors, 1 left on base; Las Vegas 3 - New Orleans 7
TOP OF THE 7TH
Las Vegas Flamingos batting - Pitching for New Orleans Voodoo : LHP Fernando Padilla
Batting: SHB Glyn Bolasky 0-0: Called Strike
0-1: SINGLE (Flyball, 9LS)
Batting: LHB José Alonso 0-0: Fly out, F7 (Flyball, 7)
Batting: SHB Wilbert Carter 0-0: Ball
1-0: Called Strike
1-1: Ball
Glyn Bolasky steals 2nd base
2-1: Fly out, F8 (Flyball, 8RD)
Batting: RHB Sake van Arem 0-0: Ground out 4-3 (Groundball, 34)
Top of the 7th over - 0 runs, 1 hit, 0 errors, 1 left on base; Las Vegas 3 - New Orleans 7
BOTTOM OF THE 7TH
New Orleans Voodoo batting - Pitching for Las Vegas Flamingos : LHP Pedro Ortíz
Batting: RHB Rafael Arredondo 0-0: Ball
1-0: Ball
2-0: Called Strike
2-1: Ball
3-1: Base on Balls
Batting: LHB William O'Keefe 0-0: Foul Ball, location: 2F
0-1: Ball
1-1: Ball
2-1: SINGLE (Line Drive, 4MS) (infield hit)
Rafael Arredondo to second
Batting: RHB Mario Álvarez 0-0: Foul Ball, location: 2F
0-1: Ball
1-1: SINGLE (Groundball, 6MD)
Rafael Arredondo to third
William O'Keefe to second
Batting: RHB Claudio Tappen 0-0: Foul Ball, location: 2F
0-1: Fly out, F9 (Line Drive, 89D)
Runner from 3rd tags up, SCORES, no throw
Batting: RHB Griffin Woodfinlevine 0-0: Ball
1-0: Foul Ball, location: 2F
1-1: Grounds into double play, 1-6-3 (Groundball, P)
Bottom of the 7th over - 1 run, 2 hits, 0 errors, 1 left on base; Las Vegas 3 - New Orleans 8
TOP OF THE 8TH
Las Vegas Flamingos batting - Pitching for New Orleans Voodoo : LHP Fernando Padilla
Batting: LHB Victor Adams 0-0: Foul Ball, location: 2F
0-1: Ball
1-1: Foul Ball, location: 2F
1-2: Ball
2-2: Strikes out swinging
Batting: RHB Daniel Maldonado 0-0: Ball
1-0: Foul Ball, location: 2F
1-1: Foul Ball, location: 2F
1-2: Ball
2-2: Foul Ball, location: 2F
2-2: Fly out, F8 (Flyball, 89M)
Batting: LHB Ruud van Ineveld 0-0: Ball
1-0: Called Strike
1-1: Foul Ball, location: 2F
1-2: Ball
2-2: Ball
3-2: SINGLE (Groundball, 4D)
Batting: RHB Jeff Young 0-0: SINGLE (Groundball, 56D)
Ruud van Ineveld to second
Batting: RHB Sergio Ortíz 0-0: Foul Ball, location: 2F
0-1: Ball
1-1: Fielders Choice at 2nd, 5-4 (Groundball, 56)
Top of the 8th over - 0 runs, 2 hits, 0 errors, 2 left on base; Las Vegas 3 - New Orleans 8
BOTTOM OF THE 8TH
New Orleans Voodoo batting - Pitching for Las Vegas Flamingos : LHP Pedro Ortíz
Batting: RHB António Pérez 0-0: Ball
1-0: Ground out 6-3 (Groundball, 6)
Batting: SHB Zuberi Mccray 0-0: Called Strike
0-1: Ball
1-1: SOLO HOME RUN (Flyball, 78XD), Distance : 376 ft
Batting: RHB Arnold Giroux 0-0: Ball
1-0: Called Strike
1-1: Fly out, F4 (Line Drive, 4)
Now at 2B: Job Pels
Batting: RHB Orlando Velásquez 0-0: Ball
1-0: Called Strike
1-1: Swinging Strike
1-2: Strikes out swinging
Bottom of the 8th over - 1 run, 1 hit, 0 errors, 0 left on base; Las Vegas 3 - New Orleans 9
TOP OF THE 9TH
Las Vegas Flamingos batting - Pitching for New Orleans Voodoo : LHP Fernando Padilla
Batting: SHB Glyn Bolasky 0-0: Ball
1-0: Ground out 4-3 (Groundball, 4)
Batting: LHB José Alonso 0-0: Ball
1-0: Ball
2-0: Ball
3-0: Called Strike
3-1: Foul Ball, location: 2F
3-2: Ground out 4-3 (Groundball, 4MD)
Batting: SHB Wilbert Carter 0-0: Swinging Strike
0-1: Ground out 6-3 (Groundball, 6)
Top of the 9th over - 0 runs, 0 hits, 0 errors, 0 left on base; Las Vegas 3 - New Orleans 9
Sunday, March 18th, 2018 - OOTP Baseball 18.8 Build 76